 Dungeon Crawl Stone Soup version 0.21.1-1-g345015f (webtiles) character file.

24201 prawnwizard the Impaler (level 13, -7/96 HPs)
             Began as a Merfolk Gladiator on July 27, 2018.
             Was an Elder of Hepliaklqana.
             Mangled by QuePah47's ghost (20 damage)
             ... on level 2 of the Lair of Beasts.
             The game lasted 00:45:41 (18728 turns).

prawnwizard the Impaler (Merfolk Gladiator)        Turns: 18728, Time: 00:45:41

Health: -7/96      AC: 11    Str: 19    XL:     13   Next: 11%
Magic:  14/14      EV: 19    Int: 10    God:    Hepliaklqana [****..]
Gold:   880        SH:  0    Dex: 16    Spells: 12/12 levels left

rFire    + . .     SeeInvis .   O - +2 trident (pierce)
rCold    . . .     Gourm    .   (no shield)
rNeg     . . .     Faith    .   y - +1 scale mail {rF+}
rPois    .         Spirit   .   R - +1 hat {Int+3}
rElec    .         Reflect  .   l - +0 cloak
rCorr    .         Harm     +   v - +0 pair of gloves
MR       .....                  o - +0 pair of boots
Stlth    ..........             L - amulet of harm
HPRegen  0.26/turn              K - +1 ring of slaying
MPRegen  0.14/turn              z - ring of flight

@: no status effects
A: change form in water, swift swim, stealthy swim, reduced essence
a: Recall Ancestor, Ancestor Identity, Transference, Idealise, Renounce
Religion, Evoke Flight


You were on level 2 of the Lair of Beasts.
You worshipped Hepliaklqana.
Hepliaklqana was greatly pleased with you.
You were hungry.

You visited 3 branches of the dungeon, and saw 16 of its levels.

You collected 880 gold pieces.

Inventory:

Hand Weapons
 a - a +0 trident
 M - a +3 trident
 O - a +2 trident of piercing (weapon)
Missiles
 d - 3 throwing nets (quivered)
Armour
 l - a +0 cloak (worn)
 m - a +1 scale mail of poison resistance
 o - a +0 pair of boots (worn)
 p - a +0 shield
 v - a +0 pair of gloves (worn)
 y - a +1 scale mail of fire resistance (worn)
 R - a +1 hat of intelligence (worn)
Jewellery
 z - a ring of flight (right hand)
 K - a +1 ring of slaying (left hand)
 L - an amulet of harm (around neck)
 T - an uncursed ring of fire {unknown}
Wands
 b - a wand of disintegration (4)
 t - a wand of random effects (49)
 C - a wand of polymorph (27)
 N - a wand of digging (36)
 P - a wand of acid (16)
 Q - a wand of flame (14)
 S - a wand of iceblast (4)
Scrolls
 c - 3 scrolls of identify
 g - 4 scrolls of enchant armour
 h - a scroll of enchant weapon
 k - 4 scrolls of fog
 n - a scroll of fear
 q - 5 scrolls of amnesia
 s - a scroll of teleportation
 u - 5 scrolls of remove curse
 E - a scroll of blinking
 J - a scroll of immolation
Potions
 e - 3 potions of ambrosia
 i - 3 potions of flight {unknown}
 j - 2 potions of mutation {unknown}
 r - 2 potions of lignification
 w - a potion of brilliance {unknown}
 x - 3 potions of magic {unknown}
 A - 2 potions of curing {unknown}
 B - 3 potions of berserk rage {unknown}
 D - 3 potions of agility {unknown}
 G - a potion of cancellation {unknown}
 H - 3 potions of haste {unknown}
 I - 2 potions of degeneration {unknown}
Comestibles
 f - 23 rations


   Skills:
 + Level 11.9 Fighting
 - Level 20.0 Polearms
 - Level 2.0 Throwing
 * Level 1.1 Armour
 + Level 14.1 Dodging
 * Level 1.7 Invocations


You had 12 spell levels left.
You didn't know any spells.

Dungeon Overview and Level Annotations

Branches:
Dungeon (13/15)            Temple (1/1) D:6            Lair (2/6) D:11
    Orc (0/2) D:12         Vaults (0/5) D:13
  Swamp: Lair:2-4    Shoals: Lair:2-4     Snake: Lair:2-4    Spider: Lair:2-4

Altars:
Ashenzari
Cheibriados
Dithmenos
Elyvilon
Fedhas
Gozag
Hepliaklqana
Kikubaaqudgha
Makhleb
Nemelex Xobeh
Okawaru
Qazlal
Ru
Sif Muna
Trog
Uskayaw
Vehumet
Wu Jian
Xom
Yredelemnul
Zin
The Shining One
Beogh

Shops:
D:5 [   D:6 *

Annotations:
D:10 Sonja
D:13 Urug
Lair:2 exclusion: oklob plant, QuePah47's ghost, journeyman TrFi


Message History

QuePah47's ghost is moderately damaged.
QuePah47's ghost closely misses you.
You puncture QuePah47's ghost!
QuePah47's ghost is moderately damaged.
Fikile barely misses QuePah47's ghost.
You barely miss QuePah47's ghost.
QuePah47's ghost is moderately damaged.
QuePah47's ghost completely misses you.
Fikile barely misses QuePah47's ghost.
You barely miss QuePah47's ghost.
QuePah47's ghost is moderately damaged.
You closely miss QuePah47's ghost.
QuePah47's ghost is moderately damaged.
QuePah47's ghost hits you.
Fikile misses QuePah47's ghost.
You closely miss QuePah47's ghost.
QuePah47's ghost is moderately damaged.
QuePah47's ghost hits you!!
* * * LOW HITPOINT WARNING * * *
Fikile hits QuePah47's ghost with a dagger of draining.
QuePah47's ghost hits you!
You die...

#P. ......#
...#........
#.........P. ##
?.......... #..
........# .
#...#+#.......#..
.#.....W....$....
#......@R.....#
##............#
#.............#
....#####†....####.
#..........P.......
#..................
##.........#.......
#..#............. #
#.
#..........###.#...


You could see the friendly Fikile the hexer and QuePah47's ghost.

Vanquished Creatures
  Gastronok (D:11)
  3 hydras
  The ghost of imWUMPUS the Covert, a journeyman SpEn of Dithmenos (Lair:2)
  2 two-headed ogres
  The ghost of coconutsonar the Cruncher, a novice GrAK of Lugonu (D:9)
  Pikel (D:5)
  An ugly thing (D:11)
  An elephant (D:11)
  2 manticores (D:11)
  Maurice (D:7)
  A gargoyle (D:12)
  Psyche (D:8)
  3 spiny frogs
  A komodo dragon (D:11)
  Grinder (D:4)
  A troll (D:11)
  A merfolk (D:10)
  7 hippogriffs
  The ghost of Tsarbomb the Conjurer, an amateur DECj (D:4)
  2 wyverns
  A wraith (D:11)
  A human (D:12)
  6 yaks
  A basilisk (D:11)
  A hungry ghost (D:12)
  3 chaos spawn
  Menkaure (D:4)
  A soldier ant (D:12)
  A black bear (D:12)
  3 ice beasts
  5 orc warriors
  3 sky beasts
  2 ogres
  3 necrophages
  12 centaurs
  5 crocodiles
  3 big kobolds
  8 bullfrogs
  3 scorpions
  A wyvern skeleton (D:8)
  9 killer bees
  5 wights
  2 howler monkeys
  An electric eel (Lair:2)
  4 centaur zombies
  9 crimson imps
  A quasit (D:8)
  A bullfrog zombie (D:7)
  5 bullfrog skeletons
  2 hounds
  3 jellies
  7 orc priests
  5 centaur skeletons
  2 iguanas
  9 orc wizards
  6 worker ants
  A hound skeleton (D:11)
  A worker ant zombie (D:8)
  10 adders
  4 gnolls
  2 oozes
  6 worms
  6 dart slugs
  5 leopard geckos
  40 orcs
  12 bats
  9 giant cockroaches
  4 goblins
  8 hobgoblins
  7 jackals (D:2)
  21 kobolds
  7 quokkas
  3 ball pythons
  6 frilled lizards
  A leopard gecko skeleton (D:5)
  10 rats
331 creatures vanquished.

Vanquished Creatures (collateral kills)
  2 two-headed ogres
  A spiny frog (Lair:1)
  A troll (D:12)
  Sigmund (D:4)
  3 orc warriors
  An ogre (D:11)
  3 bullfrogs
  A wyvern skeleton (D:9)
  A killer bee (D:11)
  2 wights
  A howler monkey (D:9)
  3 orc priests
  4 orc wizards
  A worker ant (D:10)
  An adder (D:8)
  8 orcs
  2 kobolds
36 creatures vanquished.

Vanquished Creatures (others)
  A slave (D:5)
  A jelly (D:5)
  An iguana (D:5)
  5 hexers (D:11)
  15 ancestors
  2 fungi
25 creatures vanquished.

Grand Total: 392 creatures vanquished

Notes
Turn   | Place    | Note
-------+----------+-------------------------------------------
     0 | D:1      | prawnwizard the Merfolk Gladiator began the quest for the Orb.
     0 | D:1      | Reached XP level 1. HP: 16/16 MP: 1/1
   103 | D:1      | Reached XP level 2. HP: 23/23 MP: 2/2
   110 | D:1      | Reached skill level 5 in Polearms
   199 | D:1      | Reached XP level 3. HP: 28/28 MP: 3/3
  1082 | D:2      | Reached XP level 4. HP: 30/34 MP: 4/4
  1363 | D:2      | Reached skill level 6 in Polearms
  1706 | D:2      | Found a deep blue altar of Sif Muna.
  2270 | D:2      | Reached skill level 5 in Dodging
  2270 | D:2      | Reached XP level 5. HP: 7/41 MP: 5/5
  2972 | D:3      | Found an opulent altar of Gozag.
  2973 | D:3      | Found a bloodstained altar of Trog.
  3075 | D:3      | Found a white marble altar of Elyvilon.
  3089 | D:3      | Found a shadowy altar of Dithmenos.
  3163 | D:3      | Found a shimmering altar of Xom.
  3207 | D:3      | Reached skill level 7 in Polearms
  3522 | D:4      | Reached XP level 6. HP: 31/48 MP: 6/6
  4121 | D:4      | Noticed Tsarbomb's ghost (amateur DECj)
  4122 | D:4      | Noticed Menkaure
  4190 | D:4      | Killed Tsarbomb's ghost
  4190 | D:4      | Reached skill level 8 in Polearms
  4216 | D:4      | Killed Menkaure
  4216 | D:4      | Reached XP level 7. HP: 7/55 MP: 7/7
  4357 | D:4      | Reached skill level 9 in Polearms
  4551 | D:4      | Noticed Sigmund
  4572 | D:5      | Entered Level 5 of the Dungeon
  4574 | D:5      | Found Istuupoxono's Antique Armour Shoppe.
  4631 | D:5      | Found a radiant altar of Vehumet.
  4698 | D:5      | Reached skill level 5 in Fighting
  4699 | D:5      | Reached XP level 8. HP: 30/62 MP: 8/8
  4905 | D:5      | Reached skill level 10 in Polearms
  5090 | D:5      | Found a stormy altar of Qazlal.
  5379 | D:5      | Noticed Pikel
  5398 | D:5      | Killed Pikel
  5398 | D:5      | Reached skill level 11 in Polearms
  5827 | D:5      | Found a blossoming altar of Fedhas.
  5829 | D:5      | Found an ancient bone altar of Kikubaaqudgha.
  6225 | D:6      | Noticed a hippogriff
  6238 | D:6      | Killed a hippogriff
  6238 | D:6      | Reached skill level 12 in Polearms
  6238 | D:6      | Reached XP level 9. HP: 49/71 MP: 9/9
  6501 | D:6      | Found Engyompu's General Store.
  6592 | D:6      | Found a staircase to the Ecumenical Temple.
  6609 | Temple   | Entered the Ecumenical Temple
  6620 | Temple   | Became a worshipper of Hepliaklqana the Forgotten
  7385 | D:7      | Reached skill level 13 in Polearms
  7773 | D:7      | Reached * piety under Hepliaklqana
  8133 | D:8      | Noticed Psyche
  8144 | D:8      | Killed Psyche
  8144 | D:8      | Reached skill level 14 in Polearms
  8144 | D:8      | Reached XP level 10. HP: 58/72 MP: 10/10
  8463 | D:8      | Noticed a two-headed ogre
  8530 | D:8      | Noticed Maurice
  8642 | D:7      | Killed Maurice
  8642 | D:7      | Reached skill level 10 in Dodging
  9678 | D:4      | Noticed Grinder
  9690 | D:4      | Killed Grinder
  9951 | D:4      | Killed Sigmund
 10177 | D:4      | You fall through a shaft for 2 floors!
 10277 | D:8      | Reached skill level 15 in Polearms
 10449 | D:8      | Killed a two-headed ogre
 10680 | D:8      | Found a sparkling altar of Nemelex Xobeh.
 11120 | D:9      | Noticed coconutsonar's ghost (novice GrAK)
 11481 | D:9      | Reached XP level 11. HP: 61/80 MP: 11/11
 11630 | D:9      | Killed coconutsonar's ghost
 11630 | D:9      | Reached skill level 16 in Polearms
 11791 | D:9      | Found an iron altar of Okawaru.
 12086 | D:9      | Noticed a two-headed ogre
 12101 | D:9      | Killed a two-headed ogre
 12528 | D:10     | Entered Level 10 of the Dungeon
 12532 | D:10     | Reached ** piety under Hepliaklqana
 13230 | D:10     | Noticed Sonja
 13613 | D:11     | Noticed Gastronok
 13713 | D:11     | Found the +4 mace of Variability {chaos}
 13717 | D:11     | Noticed a two-headed ogre
 13724 | D:11     | Noticed a two-headed ogre
 13847 | D:11     | Found a shimmering altar of Xom.
 13922 | D:10     | Reached skill level 17 in Polearms
 14092 | D:11     | Killed a two-headed ogre
 14092 | D:11     | Reached skill level 10 in Fighting
 14333 | D:11     | Killed a two-headed ogre
 14479 | D:10     | Remembered your ancestor Fikile as a hexer
 14523 | D:11     | Noticed a manticore
 14540 | D:11     | Killed a manticore
 14675 | D:11     | Noticed a seven-headed hydra
 14878 | D:11     | Noticed a cyan ugly thing
 14966 | D:11     | Killed a cyan ugly thing
 14966 | D:11     | Reached skill level 18 in Polearms
 14966 | D:11     | Reached XP level 12. HP: 67/88 MP: 12/12
 15449 | D:11     | Found a staircase to the Lair.
 15479 | D:11     | Killed Gastronok
 15552 | D:11     | Killed a seven-headed hydra
 16016 | D:12     | Reached skill level 19 in Polearms
 16028 | D:12     | Reached *** piety under Hepliaklqana
 16062 | D:12     | Found a staircase to the Orcish Mines.
 16087 | D:12     | Found a roughly hewn altar of Beogh.
 16456 | D:12     | Found a shimmering altar of Xom.
 16826 | D:13     | Found a gate to the Vaults.
 16826 | D:13     | Noticed a catoblepas
 16826 | D:13     | Noticed a two-headed ogre
 16826 | D:13     | Noticed Urug
 16826 | D:13     | Noticed a centaur warrior
 16973 | Lair:1   | Entered Level 1 of the Lair of Beasts
 17083 | Lair:1   | Noticed a six-headed hydra
 17096 | Lair:1   | Killed a six-headed hydra
 17786 | Lair:1   | Reached **** piety under Hepliaklqana
 18102 | Lair:2   | Noticed a six-headed hydra
 18113 | Lair:2   | Killed a six-headed hydra
 18213 | Lair:2   | Reached XP level 13. HP: 59/96 MP: 13/13
 18262 | Lair:2   | Reached skill level 20 in Polearms
 18465 | Lair:2   | Noticed imWUMPUS's ghost (journeyman SpEn)
 18709 | Lair:2   | Noticed QuePah47's ghost (journeyman TrFi)
 18716 | Lair:2   | Killed imWUMPUS's ghost
 18716 | Lair:2   | Reached skill level 1 in Armour
 18716 | Lair:2   | Reached skill level 1 in Invocations
 18728 | Lair:2   | Mangled by QuePah47's ghost

Skill      XL: |  1  2  3  4  5  6  7  8  9 10 11 12 13 |
---------------+----------------------------------------+-----
Polearms       | 5 6 7 8 9 12 14 15 18 19 20 | 20.0
Fighting       | 3 4 5 6 7 9 10 11 | 11.9
Dodging        | 5 6 8 9 11 12 13 14 | 14.1
Armour         | 1 |  1.1
Invocations    | 1 |  1.7
Throwing       | |  2.0

Action                   |  1- 3 |  4- 6 |  7- 9 | 10-12 | 13-15 || total
-------------------------+-------+-------+-------+-------+-------++-------
Melee: Trident           |   125 |   252 |   387 |   887 |    84 ||  1735
Invok: Recall Ancestor   |       |       |       |     5 |     1 ||     6
       Ancestor Life: He |       |       |       |     1 |       ||     1
  Use: Scroll            |       |       |       |    13 |       ||    13
 Stab: Sleeping          |     3 |     2 |       |       |       ||     5
       Distracted        |       |       |     1 |     6 |       ||     7
       Confused          |       |       |       |     2 |     1 ||     3
  Eat: Chunk             |       |     7 |    10 |    25 |     1 ||    43
       Ration            |       |     1 |     1 |     2 |       ||     4
Armor: Leather armour    |    21 |    34 |       |       |       ||    55
       Scale mail        |       |     7 |    71 |   109 |    15 ||   202
Dodge: Dodged            |   101 |   133 |   136 |   351 |    22 ||   743
